AoeStats
← edgardo_169

Fortress

510802760Analyzed
1v1 RM · 15h ago on Oct 2, 2026· 22m 52s· 2 players
Game mode
Random Map
Map size
Small (3 player)
Population
200
Speed
Normal
Resources
Standard
Victory
Conquest
Starting age
Dark Age
Ending age
Imperial Age
RankedLock teamsTeams togetherTeam positionsShared explorationLock speedFull tech treeHidden civsTurbo modeCheats
Victory
Defeat
🇲🇽 Turks · Mexico
895
+16
🇷🇴 Armenians · Romania
888
-16
PussyTerrier
8:46 Feudal Age
10:13 Scale Mail Armor
10:09 Man-at-Arms
11:04 Arson
11:16 Long Swordsman
12:15 Horse Collar
12:58 Double-Bit Axe
18:01 Bloodlines
edgardo_169
8:50 Feudal Age
9:44 Double-Bit Axe
9:50 Gold Mining
11:35 Horse Collar
14:41 Castle Age
15:15 Fletching
21:05 Imperial Age
21:47 Bodkin Arrow
Connection lost

Rejoining the realm…

Still unreachable

The connection could not be restored.

Session expired

The server has moved on; the page needs a fresh start.